 Dungeon Crawl Stone Soup version 0.29-a0-322-g68df515428 (webtiles) character file.

Game seed: 14868285731193903507

268 Essalna the Skirmisher (level 6, -7/56 HPs)
             Began as a Hill Orc Fighter on Apr 8, 2022.
             Mangled by an ogre
             ... wielding a +0 giant spiked club
              (33 damage)
             ... on level 4 of the Dungeon.
             The game lasted 00:05:25 (3370 turns).

Essalna the Skirmisher (Hill Orc Fighter)           Turns: 3370, Time: 00:05:26

Health: -7/56      AC:  9    Str: 21    XL:     6   Next: 21%
Magic:  6/6        EV:  9    Int:  8    God:
Gold:   136        SH:  4    Dex: 10    Spells: 5/5 levels left

rFire   . . .      SeeInvis .   a - +0 war axe
rCold   . . .      Faith    .   c - +0 buckler
rNeg    . . .      Spirit   .   b - +0 scale mail
rPois   .          Reflect  .   r - +0 helmet
rElec   .          Harm     .   (no cloak)
rCorr   .          Rampage  .   n - +0 pair of gloves
Will    .....                   (no boots)
Stlth   ..........              (no amulet)
HPRegen 0.18/turn               (no ring)
MPRegen 0.10/turn               (no ring)

@: no status effects
A: no striking features
a: no special abilities


You were on level 4 of the Dungeon.
You visited 1 branch of the dungeon, and saw 4 of its levels.

You collected 136 gold pieces.

Inventory:

Hand Weapons
 a - a +0 war axe (weapon)
Armour
 b - a +0 scale mail (worn)
 c - a +0 buckler (worn)
 n - a +0 pair of gloves (worn)
 r - a +0 helmet (worn)
Wands
 t - a wand of digging (2)
Scrolls
 g - a scroll of holy word {unknown}
 h - a scroll of silence {unknown}
 i - a scroll of magic mapping {unknown}
 j - 3 scrolls of fog {unknown}
 l - 3 scrolls of identify {unknown}
 m - a scroll of blinking {unknown}
 p - a scroll of enchant weapon {unknown}
 q - a scroll of teleportation {unknown}
 s - a scroll of fear {unknown}
 v - a scroll of immolation {unknown}
Potions
 d - a potion of might
 e - a potion of haste
 f - 2 potions of curing
 k - 2 potions of heal wounds
 o - a potion of flight {unknown}
 u - a potion of attraction {unknown}


   Skills:
 + Level 5.1 Fighting
 + Level 4.7 Axes
 + Level 4.6 Armour
 - Level 4.6 Shields


You had 5 spell levels left.
You didn't know any spells.
Your spell library contained the following spells:

 Spells                   Type           Power      Damage    Failure   Level
 Summon Lightning Spire   Summ/Air       0%         N/A       100%        4
 Alistair's Intoxication  Tmut/Pois      0%         N/A       100%        5
 Borgnjor's Vile Clutch   Necr/Erth      0%         N/A       100%        5
 Eringya's Noxious Bog    Tmut/Pois      0%         N/A       100%        6
 Storm Form               Tmut/Air       0%         N/A       100%        7
 Maxwell's Capacitive Co  Air            0%         ∞         100%        8


Dungeon Overview and Level Annotations

Branches:
Dungeon (4/15)
 Temple: D:4-7

Altars:


Message History

Things that are here:
a +0 short sword; an orc corpse
Things that are here:
a +0 hand axe; a +0 whip
Found an escape hatch in the ceiling.
A ball python comes into view.
A ball python is nearby!
The ball python hisses angrily.
The ball python barely misses you. The ball python grabs you.
The ball python constricts you.
You barely miss the ball python. You block the ball python's attack.
The ball python constricts you.
You slash the ball python!
You kill the ball python!
No target in view!
t - a wand of digging (2)
Found a stone staircase leading down.
u - a ruby potion Key pressed, stopping explore.
Found a whip.
Found a helmet.
l - 3 scrolls labelled GIOCAU JEWN (gained 1)
Found 14 stones.
Found a hunting sling.
You see here a +0 helmet.
v - a scroll labelled ALI FOTEOC You see here 14 stones.
An ogre comes into view. It is wielding a +0 giant spiked club.
Found 8 stones.
Found a stone staircase leading up.
A kobold comes into view. It is wielding a +0 whip.
The kobold shouts!
The kobold throws a stone.
The stone hits you but does no damage.
The ogre hits you with a +0 giant spiked club!!
Ouch! That really hurt!
The kobold throws a stone.
The stone barely misses you.
You slash the ogre!
The ogre is moderately wounded.
The ogre hits you with a +0 giant spiked club!!
Ouch! That really hurt!
You die...

.......# #...##.#
....# ##...##.#######
....# ##.............#
.K..#
#..#...........##....#
#.#..[..........#....#
..#.#................#
.#..#).........#....(#
...###...(......@O..<#
.### #.........##....#
.## #.........# ....#
..####.........# #####
.....#.).......#
...............####
.#####........<...#
.###########......#
....##### ##......#


You could see an ogre and a kobold.

Vanquished Creatures
  Sigmund (D:2)
  Robin (D:2)
  4 adders (D:2)
  3 dart slugs
  3 orcs (D:4)
  4 bats
  6 endoplasms
  2 giant cockroaches (D:2)
  13 goblins
  3 hobgoblins
  7 jackals (D:1)
  3 quokkas
  5 ball pythons
  4 kobolds
  4 rats
63 creatures vanquished.

Notes
Turn   | Place    | Note
-------+----------+-------------------------------------------
     0 | D:1      | Essalna the Hill Orc Fighter began the quest for the Orb.
     0 | D:1      | Reached XP level 1. HP: 19/19 MP: 1/1
   435 | D:1      | Reached XP level 2. HP: 22/27 MP: 2/2
   572 | D:1      | Found a faded altar of an unknown god.
  1055 | D:2      | Reached skill level 4 in Fighting
  1076 | D:2      | Reached XP level 3. HP: 28/33 MP: 3/3
  1261 | D:2      | Noticed Robin
  1905 | D:2      | Reached XP level 4. HP: 40/40 MP: 4/4
  1907 | D:2      | Noticed Sigmund
  1922 | D:2      | HP: 2/41 [something (1)]
  1944 | D:2      | HP: 2/41 [something (11)]
  1947 | D:2      | Killed Sigmund
  1948 | D:2      | Reached skill level 5 in Fighting
  1948 | D:2      | Reached XP level 5. HP: 1/48 MP: 5/5
  1994 | D:2      | Reached XP level 6. HP: 9/56 MP: 6/6
  2349 | D:2      | Killed Robin
  3370 | D:4      | Mangled by an ogre

Illustrated notes

Levels and vault maps discovered:
D:1:      ncdulo_smallfort, layout_loops_corners, serial_forest,
          infiniplex_forest_corner_1, infiniplex_forest_fountain,
          infiniplex_forest_lined_2, infiniplex_forest_corner_1,
          infiniplex_forest_pool, infiniplex_forest_clump_large,
          infiniplex_forest_lined_2, ebering_ecumenical_altar_mist,
          hangedman_decor_push
D:2:      layout_basic, dreamdust_princess_corridor, uniq_robin, uniq_sigmund
D:3:      layout_loops_corners
D:4:      layout_rooms, lemuel_temple_firewalk_a

Skill      XL: |  1  2  3  4 |
---------------+-------------+-----
Axes           | 3 4 |  4.7
Fighting       | 4 5 |  5.1
Armour         | 4 |  4.6
Shields        | 4 |  4.6

Action                   |  1- 3 |  4- 6 || total
-------------------------+-------+-------++-------
Melee: War axe           |    72 |    68 ||   140
  Use: Potion            |       |     3 ||     3
Armor: Scale mail        |    46 |    40 ||    86
Dodge: Dodged            |    41 |    39 ||    80
Block: Buckler           |    14 |    12 ||    26

Table legend: (Time is in decaauts)
 A = Elapsed time spent in this place.
 B = Non-inter-level travel time spent in this place.
 C = Inter-level travel time spent in this place.
 D = Time resting spent in this place.
 E = Time spent auto-exploring this place.
 F = Levels seen in this place.
 G = Mean time per level.
                   A        B        C        D        E       F      G
               +--------+--------+--------+--------+--------+-----+--------+
         Total |   3406 |   3247 |    159 |      0 |   2808 |   4 |  851.5 |
       Dungeon |   3406 |   3247 |    159 |      0 |   2808 |   4 |  851.5 |
               +--------+--------+--------+--------+--------+-----+--------+

Top non-repeatable levels by time:
     D:2: 1140 daAuts
     D:3: 1101 daAuts
     D:1: 1050 daAuts
     D:4: 113 daAuts
